 Dungeon Crawl Stone Soup version 0.21.1-1-g345015f (webtiles) character file.

6790 microfolk the Quickloader (level 10, -1/88 HPs)
             Began as a Deep Dwarf Necromancer on Apr 30, 2018.
             Was a Priest of Cheibriados.
             Killed from afar by a gargoyle (10 damage)
             ... with a stone arrow
             ... on level 10 of the Dungeon.
             The game lasted 01:22:10 (18237 turns).

microfolk the Quickloader (Deep Dwarf Necromancer) Turns: 18237, Time: 01:22:11

Health: -1/88      AC:  8    Str: 18    XL:     10   Next: 76%
Magic:  13/13      EV: 12    Int: 30    God:    Cheibriados [***...]
Gold:   714        SH:  0    Dex: 19    Spells: 1/15 levels left

rFire    . . .     SeeInvis .   a - +1 hand axe (drain)
rCold    . . .     Gourm    .   (no shield)
rNeg     + + .     Faith    .   y - +0 ring mail
rPois    .         Spirit   .   O - +0 helmet of Kikubaaqudgha {rElec rN+} (curse)
rElec    +         Reflect  .   (no cloak)
rCorr    .         Harm     .   (no gloves)
MR       +....                  m - +0 pair of boots
Stlth    ++........             A - amulet of rage
HPRegen  0.00/turn              w - ring of positive energy
MPRegen  0.13/turn              x - +5 ring of intelligence

@: non-regenerating, very slow
A: damage resistance, heal wounds, sense surroundings 2, no regeneration
a: Heal Wounds, Bend Time, Temporal Distortion, Renounce Religion, Evoke Berserk
Rage


You were on level 10 of the Dungeon.
You worshipped Cheibriados.
Cheibriados was most pleased with you.
You were not hungry.

You visited 2 branches of the dungeon, and saw 11 of its levels.
You also visited: Sewer.

You collected 714 gold pieces.

Inventory:

Hand Weapons
 a - a +1 hand axe of draining (weapon)
 b - a +0 hand crossbow
 K - a +5 vampiric dagger
Missiles
 t - 3 poisoned tomahawks (quivered)
 v - 6 tomahawks
 B - 64 bolts
 L - 3 throwing nets
Armour
 m - a +0 pair of boots (worn)
 n - a +0 leather armour
 r - a scarf of spirit shield
 s - a +0 chain mail
 y - a +0 ring mail (worn)
 G - a +0 scale mail
 O - the cursed +0 helmet of Kikubaaqudgha (worn) {rElec rN+}
   (You found it on level 6 of the Dungeon)

   It insulates you from electricity.
   It protects you from negative energy.
   It has a curse placed upon it.
 Q - a +0 large shield
 T - a +1 hat
Jewellery
 l - an uncursed ring of protection from magic {unknown}
 w - a ring of positive energy (left hand)
 x - a +5 ring of intelligence (right hand)
 A - an amulet of rage (around neck)
Wands
 J - a wand of enslavement (6)
 M - a wand of polymorph (15)
 P - a wand of clouds (4)
 S - a wand of iceblast (4)
Scrolls
 f - 5 scrolls of teleportation
 h - 4 scrolls of remove curse
 i - a scroll of vulnerability {unknown}
 k - 3 scrolls of amnesia
 o - a scroll of immolation {unknown}
 z - 3 scrolls of fog
 F - a scroll of enchant weapon
 N - a scroll of summoning {unknown}
 R - a scroll of blinking
Potions
 e - 6 potions of might
 g - 11 potions of curing
 j - a potion of invisibility
 p - 2 potions of heal wounds
 q - a potion of magic {unknown}
 u - 5 potions of flight
 C - 2 potions of lignification
 D - 4 potions of brilliance
 E - 2 potions of agility
 H - 2 potions of degeneration {unknown}
Books
 d - a book of Necromancy

   Spells                             Type                      Level
   a - Pain                           Necromancy                   1
   b - Animate Skeleton               Necromancy                   1
   c - Vampiric Draining              Necromancy                   3
   d - Regeneration                   Charms/Necromancy            3
   e - Animate Dead                   Necromancy                   4
   f - Borgnjor's Vile Clutch         Necromancy/Earth             5
 I - a book of Minor Magic

   Spells                             Type                      Level
   a - Magic Dart                     Conjuration                  1
   b - Blink                          Translocation                2
   c - Call Imp                       Summoning                    2
   d - Slow                           Hexes                        2
   e - Conjure Flame                  Conjuration/Fire             3
   f - Mephitic Cloud                 Conjuration/Poison/Air       3
Comestibles
 c - 15 rations


   Skills:
 - Level 5.0 Fighting
 + Level 7.5 Axes
 + Level 9.1 Crossbows
 - Level 6.2 Armour
 - Level 2.1 Dodging
 - Level 2.4 Stealth
 - Level 3.0 Spellcasting
 - Level 8.0 Necromancy
 * Level 7.3 Earth Magic
 - Level 4.0 Invocations


You had one spell level left.
You knew the following spells:

 Your Spells              Type           Power        Failure   Level  Hunger
a - Pain                  Necr           ####         1%          1    None
b - Animate Skeleton      Necr           N/A          1%          1    None
c - Vampiric Draining     Necr           ######....   1%          3    ##.....
d - Animate Dead          Necr           N/A          4%          4    ####...
e - Borgnjor's Vile Clut  Necr/Erth      ######....   14%         5    ######.


Dungeon Overview and Level Annotations

Branches:
Dungeon (10/15)            Temple (1/1) D:7            Lair (0/6) D:8
    Orc: D:9-12

Altars:
Cheibriados
Elyvilon
Hepliaklqana
Makhleb
Nemelex Xobeh
Okawaru
Sif Muna
Trog
Uskayaw
Wu Jian
Yredelemnul
The Shining One

Shops:
D:5 %   D:6 (   D:8 (

Annotations:
D:2 exclusion: 2 downstairs
D:3 1 runed door, exclusion: downstairs
D:6 exclusion: 2 downstairs
D:7 exclusion: downstairs
D:8 Verendum's ghost, novice GrMo
D:9 exclusion: 2 downstairs
D:10 2 exclusions


Innate Abilities, Weirdness & Mutations

You are resistant to damage.
You can heal yourself by infusing magical energy.
You passively map the area around you.
You do not regenerate.


Message History

The two-headed ogre moves out of view.
As you read the scroll of teleportation, it crumbles to dust.
You feel strangely unstable.
A big kobold comes into view.
Your surroundings suddenly seem different.
You see here 21 arrows.
Really walk into a travel-excluded area?
The gargoyle hurls a stone arrow at you.
The stone arrow hits you!
* * * LOW HITPOINT WARNING * * *
You feel much better.
Press: ? - help, v - describe, . - travel
Here: a gargoyle, wielding a flail The floor.
The gargoyle hurls a stone arrow at you.
The stone arrow hits you!
* * * LOW HITPOINT WARNING * * *
The gargoyle hurls a stone arrow at you.
The stone arrow hits you!
You die...

#### #...
###########
#.##
#..9......#
#.#
#.###.#.#.#
#.# * ** #.
##@#.##
########.##
, , , ,..*
#.###.#
#.......>#<
* * *.9.
##.#.##
####.###.#.
#...
#.#.#.#
#.###.#.
#...
##.#.##
#...#.#.
#...*
#.###.#
#.#.#.#. *
##.#.##
###.#.##
#.#.#.#
#...#.#
##.#.##
###.###.#


You could see a gargoyle.

Vanquished Creatures
  A two-headed ogre (D:10)
  A tengu conjurer (D:10)
  10 yaks
  2 orc warriors
  3 phantoms
  An ice beast (D:3)
  A black bear (D:10)
  3 ogres
  9 centaurs
  A big kobold (Sewer)
  3 bullfrogs
  A wyvern zombie (D:6)
  2 scorpions
  6 killer bees
  A howler monkey (D:8)
  3 crimson imps
  A quasit (D:8)
  A centaur skeleton (D:8)
  8 hounds
  4 jellies
  7 orc priests
  A gnoll shaman (D:8)
  12 orc wizards
  Jessica (D:3)
  5 bullfrog skeletons
  2 iguanas
  9 worker ants
  A killer bee zombie (D:10)
  2 hound zombies
  A hound skeleton (D:6)
  3 gnolls (D:8)
  12 adders
  5 river rats (Sewer)
  4 shadow imps
  An ooze (Sewer)
  2 adder zombies
  5 worms
  2 adder skeletons
  A dart slug (D:3)
  5 leopard geckos
  71 orcs
  6 ball pythons
  6 giant cockroaches
  12 hobgoblins
  3 jackals (D:9)
  3 quokkas
  4 bats
  7 frilled lizards
  A giant cockroach zombie (D:6)
  3 goblins
  21 kobolds
  A leopard gecko skeleton (D:8)
  A leopard gecko zombie (D:6)
  23 rats
305 creatures vanquished.

Vanquished Creatures (collateral kills)
  A yak (D:10)
  An ogre (D:7)
  A worker ant (D:9)
  2 adders
  A river rat (Sewer)
  3 orcs (D:9)
  A goblin (D:2)
  3 kobolds (Sewer)
  A leopard gecko skeleton (D:4)
  5 rats (Sewer)
19 creatures vanquished.

Grand Total: 324 creatures vanquished

Notes
Turn   | Place    | Note
-------+----------+-------------------------------------------
     0 | D:1      | microfolk the Deep Dwarf Necromancer began the quest for the Orb.
     0 | D:1      | Reached XP level 1. HP: 15/15 MP: 3/3
   262 | D:1      | Reached XP level 2. HP: 22/22 MP: 0/5
   328 | D:1      | Reached skill level 1 in Armour
  1005 | D:1      | Learned a level 1 spell: Animate Skeleton
  1503 | D:2      | Reached XP level 3. HP: 28/28 MP: 2/6
  1533 | D:2      | Learned a level 3 spell: Vampiric Draining
  1708 | D:2      | Reached skill level 5 in Necromancy
  2285 | D:3      | Reached XP level 4. HP: 29/36 MP: 1/7
  2803 | D:3      | Noticed an ice beast
  3342 | D:3      | Killed an ice beast
  3342 | D:3      | Reached XP level 5. HP: 42/42 MP: 3/9
  3425 | D:3      | Found a runed door.
  3580 | D:3      | Noticed Jessica
  3830 | D:3      | Killed Jessica
  3988 | D:4      | Reached skill level 1 in Fighting
  3988 | D:4      | Reached XP level 6. HP: 49/51 MP: 1/10
  4205 | D:3      | HP: 1/51 [orc wizard/magic dart (4)]
  4512 | D:4      | Found a glowing drain.
  4522 | Sewer    | Entered a sewer
  5074 | Sewer    | Reached XP level 7. HP: 54/60 MP: 9/11
  5904 | Sewer    | Learned a level 4 spell: Animate Dead
  6243 | D:4      | Found an ornate altar of the Wu Jian Council.
  6243 | D:4      | Found an iron altar of Okawaru.
  6243 | D:4      | Found a basalt altar of Yredelemnul.
  6351 | D:4      | Found a hide-covered altar of Uskayaw.
  6837 | D:4      | Reached skill level 5 in Armour
  7285 | D:5      | Entered Level 5 of the Dungeon
  7289 | D:5      | Found Agecel's Food Shop.
  7950 | D:5      | Reached skill level 1 in Crossbows
  8303 | D:5      | Reached XP level 8. HP: 72/72 MP: 3/12
  8591 | D:5      | Reached skill level 2 in Crossbows
  9362 | D:6      | Found Nibb's Weapon Shop.
  9793 | D:6      | Reached skill level 3 in Crossbows
 10291 | D:6      | Reached skill level 4 in Crossbows
 10571 | D:6      | Reached skill level 1 in Axes
 10646 | D:6      | Reached skill level 5 in Crossbows
 10940 | D:6      | Got a brightly glowing helmet
 10946 | D:6      | Identified the cursed +0 helmet of Kikubaaqudgha {rElec rN+} (You found it on level 6 of the Dungeon)
 11021 | D:6      | Reached skill level 5 in Fighting
 11455 | D:6      | Gained mutation: You passively map the area around you. [Deep Dwarf growth]
 11455 | D:6      | Reached XP level 9. HP: 40/81 MP: 1/13
 11581 | D:7      | Reached skill level 6 in Crossbows
 12218 | D:7      | Found a glowing golden altar of the Shining One.
 12270 | D:7      | Found a staircase to the Ecumenical Temple.
 12276 | Temple   | Entered the Ecumenical Temple
 12282 | Temple   | Became a worshipper of Cheibriados the Contemplative
 13094 | D:8      | Found Jumn's Antique Weapon Shoppe.
 13193 | D:8      | Reached skill level 7 in Crossbows
 13345 | D:8      | Reached * piety under Cheibriados
 13345 | D:8      | Reached skill level 1 in Invocations
 13370 | D:8      | Noticed Verendum's ghost (novice GrMo)
 13609 | D:8      | Reached skill level 5 in Axes
 13738 | D:8      | Found a staircase to the Lair.
 14678 | D:9      | Found a hazy altar of Hepliaklqana.
 14777 | D:9      | Reached ** piety under Cheibriados
 15786 | D:9      | Was placed under penance by Cheibriados
 15948 | D:9      | Was forgiven by Cheibriados
 16223 | D:10     | Entered Level 10 of the Dungeon
 16237 | D:9      | Reached XP level 10. HP: 78/88 MP: 0/13
 16244 | D:9      | Learned a level 5 spell: Borgnjor's Vile Clutch
 16359 | D:10     | Reached skill level 8 in Crossbows
 16433 | D:9      | Reached skill level 1 in Earth Magic
 16926 | D:10     | Reached *** piety under Cheibriados
 17099 | D:10     | Noticed a gargoyle
 17216 | D:10     | Reached skill level 5 in Earth Magic
 17960 | D:10     | Noticed a two-headed ogre
 17966 | D:10     | Was placed under penance by Cheibriados
 17974 | D:10     | Killed a two-headed ogre
 17974 | D:10     | Reached skill level 9 in Crossbows
 17989 | D:10     | Was forgiven by Cheibriados
 18202 | D:10     | Noticed a two-headed ogre
 18237 | D:10     | Killed from afar by a gargoyle

Skill      XL: |  1  2  3  4  5  6  7  8  9 10 |
---------------+-------------------------------+-----
Spellcasting   | 2 3 |  3.0
Armour         | 1 2 3 4 5 6 |  6.2
Necromancy     | 5 6 7 8 |  8.0
Fighting       | 1 2 3 5 |  5.0
Crossbows      | 1 5 7 9 |  9.1
Axes           | 2 6 7 |  7.5
Invocations    | 4 |  4.0
Earth Magic    | 7 |  7.3
Dodging        | |  2.1
Stealth        | |  2.4

Action                   |  1- 3 |  4- 6 |  7- 9 | 10-12 || total
-------------------------+-------+-------+-------+-------++-------
Melee: Unarmed           |     1 |       |     2 |       ||     3
       Dagger            |    25 |    58 |    69 |       ||   152
       Hand axe          |       |       |   276 |   102 ||   378
 Fire: Hunting sling     |     9 |    53 |     5 |       ||    67
       Hand crossbow     |       |       |   129 |    34 ||   163
Throw: Stone             |     1 |       |     4 |       ||     5
       Tomahawk          |       |       |       |     1 ||     1
 Cast: Pain              |    73 |    69 |   127 |    10 ||   279
       Animate Skeleton  |     6 |    16 |    10 |       ||    32
       Vampiric Draining |     4 |    27 |   143 |    31 ||   205
       Animate Dead      |       |       |    19 |     8 ||    27
Invok: Bend Time         |       |       |       |     2 ||     2
 Abil: Evoke Berserk Rag |       |     1 |     4 |     1 ||     6
       Heal Wounds       |       |       |     4 |       ||     4
  Use: Scroll            |     3 |     1 |    17 |     1 ||    22
       Potion            |       |       |     1 |     1 ||     2
 Stab: Sleeping          |       |       |     1 |       ||     1
       Distracted        |       |       |       |     1 ||     1
  Eat: Chunk             |     3 |    12 |    20 |     5 ||    40
       Ration            |     1 |       |    10 |     1 ||    12
Armor: Leather armour    |     8 |    17 |     5 |       ||    30
       Robe              |     2 |       |       |       ||     2
       Ring mail         |       |       |   257 |    35 ||   292
Dodge: Dodged            |    32 |    42 |   353 |    80 ||   507
